 Dungeon Crawl Stone Soup version 0.21-a0-81-gc5150db (webtiles) character file.

436 Rrauwl the Magician (level 6, 0/48 HPs)
             Began as a Deep Elf Ice Elementalist on June 23, 2017.
             Slain by a hound (2 damage)
             ... on level 4 of the Dungeon.
             The game lasted 00:16:44 (5364 turns).

Rrauwl the Magician (Deep Elf Ice Elementalist)     Turns: 5364, Time: 00:16:44

Health: 0/48       AC: 23    Str:  7    XL:     6   Next: 68%
Magic:  11/15      EV:  2    Int: 20    God:
Gold:   158        SH:  0    Dex: 15    Spells: 4/14 levels left

rFire    . . .     SeeInvis .   a - +3 quarterstaff (chaos)
rCold    . . .     Gourm    .   (shield currently unavailable)
rNeg     + + +     Faith    .   (armour currently unavailable)
rPois    +         Spirit   .   (helmet currently unavailable)
rElec    .         Reflect  .   (cloak currently unavailable)
rCorr    .         Harm     .   (gloves currently unavailable)
MR       .....     NoTele   +   (boots currently unavailable)
Stlth    +++.......             (no amulet)
HPRegen  0.16/turn              (no ring)
MPRegen  0.14/turn              (no ring)

@: tree-form, very slightly contaminated
A: no striking features
a: no special abilities


You were on level 4 of the Dungeon.
You were not hungry.
You were a tree.
You visited 1 branch of the dungeon, and saw 4 of its levels.

You collected 158 gold pieces.

Inventory:

Hand Weapons
 a - a +3 quarterstaff of chaos (weapon)
Missiles
 d - 69 arrows
 h - 4 throwing nets (quivered)
Armour
 e - a +0 robe (melded)
 r - a +0 cloak of invisibility (melded)
Jewellery
 k - an uncursed amulet of harm
Scrolls
 g - 3 scrolls of identify
 i - a scroll of amnesia {unknown}
 j - 2 scrolls of recharging {unknown}
 n - a scroll of enchant armour {unknown}
 q - 2 scrolls of remove curse {unknown}
 s - 2 scrolls of fear {unknown}
 w - a scroll of blinking {unknown}
Potions
 m - a potion of invisibility {unknown}
 o - a potion of mutation {unknown}
 p - a potion of flight {unknown}
 t - a potion of heal wounds {unknown}
 v - 2 potions of might {unknown}
Books
 b - a book of Frost

   Spells                             Type                      Level
   a - Freeze                         Ice                          1
   b - Throw Frost                    Conjuration/Ice              2
   c - Ozocubu's Armour               Charms/Ice                   3
   d - Throw Icicle                   Conjuration/Ice              4
   e - Summon Ice Beast               Ice/Summoning                4
 l - a book of Minor Magic

   Spells                             Type                      Level
   a - Magic Dart                     Conjuration                  1
   b - Blink                          Translocation                2
   c - Call Imp                       Summoning                    2
   d - Slow                           Hexes                        2
   e - Conjure Flame                  Conjuration/Fire             3
   f - Mephitic Cloud                 Conjuration/Poison/Air       3
Comestibles
 c - 3 bread rations
 f - 2 royal jellies
 x - 3 chunks of flesh
 z - 2 meat rations


   Skills:
 + Level 1.8 Staves
 + Level 4.2 Dodging
 - Level 4.2 Stealth
 + Level 4.9 Spellcasting
 + Level 1.9 Conjurations
 + Level 1.4 Summonings
 + Level 2.0 Translocations
 + Level 4.6 Ice Magic


You had 4 spell levels left.
You knew the following spells:

 Your Spells              Type           Power        Failure   Level  Hunger
a - Freeze                Ice            ###.         1%          1    None
b - Blink                 Tloc           N/A          8%          2    #......
c - Call Imp              Summ           ##......     10%         2    #......
d - Magic Dart            Conj           ##..         5%          1    None
e - Summon Ice Beast      Ice/Summ       ###.....     32%         4    ####...


Dungeon Overview and Level Annotations

Branches:
Dungeon (4/15)
 Temple: D:4-7

Altars:
Nemelex Xobeh
Trog


Message History

* * * LOW HITPOINT WARNING * * *
Something hits your white imp.
Your white imp dies!
You turn into a tree.
Your +0 cloak of invisibility melds into your body.
Your +0 robe melds into your body.
Your roots penetrate the ground.
The hound bites you but does no damage. x2
You barely miss the hound.
The hound is lightly wounded.
The hound bites you but does no damage. x2
You hit the hound but do no damage.
The hound is lightly wounded.
The hound bites you but does no damage. x2
You closely miss the hound.
The hound is lightly wounded.
The hound bites you but does no damage.
You closely miss the hound.
The hound is lightly wounded.
The hound bites you but does no damage. The hound bites you.
You die...

............# #..###.#
#.........## ##......##
#.........# ##........#
#.........# #..........
.#.........# #..........
..........####.........)
###..........#.)........
###...................
###♣###.#.#........#
#####h###.............
#....o................
#.....................
#.....................
#.........#...........
##..†......#..........#
#..#########...........
#...)..# ##>##
##..........


You could see a hound and an orc.

Vanquished Creatures
  Sigmund (D:4)
  2 hounds (D:4)
  2 orc wizards (D:4)
  7 adders
  A gnoll (D:2)
  2 oozes
  An adder skeleton (D:4)
  3 worms (D:2)
  3 dart slugs (D:2)
  3 leopard geckos
  6 orcs
  5 giant cockroaches
  4 goblins
  5 hobgoblins
  3 jackals (D:1)
  5 kobolds
  6 quokkas
  2 ball pythons
  7 bats
  4 frilled lizards (D:2)
  6 rats
  A bush (D:1)
  A plant (D:1)
80 creatures vanquished.

Vanquished Creatures (collateral kills)
  Crazy Yiuf (D:3)
  3 gnolls (D:2)
4 creatures vanquished.

Grand Total: 84 creatures vanquished

Notes
Turn   | Place    | Note
-------+----------+-------------------------------------------
     0 | D:1      | Rrauwl the Deep Elf Ice Elementalist began the quest for the Orb.
     0 | D:1      | Reached XP level 1. HP: 10/10 MP: 6/6
   396 | D:1      | Reached XP level 2. HP: 15/15 MP: 6/8
  1523 | D:2      | Reached XP level 3. HP: 15/19 MP: 10/10
  1562 | D:2      | Learned a level 2 spell: Blink
  1565 | D:2      | Learned a level 2 spell: Call Imp
  1652 | D:2      | Found a sparkling altar of Nemelex Xobeh.
  2153 | D:3      | Found a bloodstained altar of Trog.
  2695 | D:3      | Reached XP level 4. HP: 19/24 MP: 11/11
  3160 | D:3      | Found a runed door.
  3165 | D:3      | Noticed Crazy Yiuf
  3171 | D:3      | Killed Crazy Yiuf
  3210 | D:3      | Learned a level 1 spell: Magic Dart
  3748 | D:2      | Reached XP level 5. HP: 21/28 MP: 13/13
  4651 | D:4      | Noticed Sigmund
  4666 | D:4      | Killed Sigmund
  4666 | D:4      | Reached skill level 1 in Staves
  4666 | D:4      | Reached skill level 1 in Summonings
  4666 | D:4      | Reached skill level 1 in Translocations
  4666 | D:4      | Reached XP level 6. HP: 22/32 MP: 6/14
  4672 | D:4      | Learned a level 4 spell: Summon Ice Beast
  5359 | D:4      | HP: 1/32 [hound (5)]
  5364 | D:4      | Slain by a hound

Vault maps used:
D:1:      lemuel_arrival_broad_hall, serial_forest,
          infiniplex_forest_lined_3_way, infiniplex_forest_zigzag_2,
          infiniplex_forest_fountain, infiniplex_forest_lined_room_,
          infiniplex_forest_pool, infiniplex_forest_straight_4,
          infiniplex_forest_clump_double, infiniplex_forest_clump_tiny,
          infiniplex_forest_clump_double
D:2:      old_standard_altar, serial_park_tiny_2
D:3:      moated_statue, trog_three_pillars_becter, uniq_crazy_yiuf_cottage
D:4:      nicolae_overflow_hidden_temple, nicolae_dithmenos_shadow_blocks,
          uniq_sigmund

Skill      XL: |  1  2  3  4  5  6 |
---------------+-------------------+-----
Stealth        | 3 4 |  4.2
Ice Magic      | 4 |  4.6
Dodging        | 3 4 |  4.2
Spellcasting   | 4 |  4.9
Staves         | 1 |  1.8
Summonings     | 1 |  1.4
Translocations | 1 2 |  2.0
Conjurations   | |  1.9

Action                   |  1- 3 |  4- 6 || total
-------------------------+-------+-------++-------
Melee: Mace              |     9 |       ||     9
       Whip              |   149 |    23 ||   172
       Quarterstaff      |       |   117 ||   117
Throw: Throwing net      |     2 |       ||     2
 Cast: Freeze            |    16 |     2 ||    18
       Call Imp          |     2 |     8 ||    10
       Magic Dart        |       |     3 ||     3
       Blink             |       |     2 ||     2
  Use: Scroll            |     1 |       ||     1
       Potion            |       |     2 ||     2
 Stab: Sleeping          |     3 |     9 ||    12
       Held in net/web   |     1 |       ||     1
  Eat: Chunk             |     6 |     5 ||    11
       Fruit             |       |     4 ||     4
Armor: Robe              |    17 |    25 ||    42
       Skin              |       |     8 ||     8
Dodge: Dodged            |    82 |    85 ||   167
